 Dungeon Crawl Stone Soup version 0.27.1-1-g398f81649c (webtiles) character file.

Game seed: 16341436673645696830

574 greenlake the Grave Robber (level 7, -4/51 HPs)
             Began as a Gnoll Necromancer on Sept 14, 2021.
             Was a Follower of Okawaru.
             Slain by an orc (5 damage)
             ... on level 5 of the Dungeon.
             The game lasted 00:13:56 (6016 turns).

greenlake the Grave Robber (Gnoll Necromancer)      Turns: 6016, Time: 00:13:57

Health: -4/51      AC:  4    Str:  9    XL:     7   Next: 35%
Magic:  15/15      EV: 13    Int: 15    God:    Okawaru [*.....]
Gold:   147        SH:  0    Dex: 12    Spells: 12/17 levels left

rFire    . . .     SeeInvis .   g - +2 dagger (pain)
rCold    . . .     Faith    .   (no shield)
rNeg     . . .     Spirit   .   a - +0 robe
rPois    .         Reflect  .   (no helmet)
rElec    .         Harm     .   (no cloak)
rCorr    .         Rampage  .   q - +0 pair of gloves
Will     .....                  j - +0 pair of boots
Stlth    +++.......             (no amulet)
HPRegen  0.17/turn              (no ring)
MPRegen  0.14/turn              (no ring)

@: no status effects
A: fangs 1, strong nose, distributed training
a: Renounce Religion, Heroism


You were on level 5 of the Dungeon.
You worshipped Okawaru.
Okawaru was aware of your devotion.
You visited 2 branches of the dungeon, and saw 6 of its levels.

You collected 147 gold pieces.

Inventory:

Hand Weapons
 g - a +2 dagger of pain (weapon)
Armour
 a - a +0 robe (worn)
 j - a +0 pair of boots (worn)
 q - a +0 pair of gloves (worn)
Jewellery
 e - a ring of positive energy
Wands
 r - a wand of flame (14)
Scrolls
 b - a scroll of enchant weapon {unknown}
 d - 3 scrolls of holy word {unknown}
 f - 4 scrolls of identify {unknown}
 h - 2 scrolls of amnesia {unknown}
 m - 2 scrolls of magic mapping {unknown}
 n - 2 scrolls of teleportation {unknown}
Potions
 c - 2 potions of curing
 i - a potion of attraction {unknown}
 k - a potion of resistance {unknown}
 l - a potion of ambrosia {unknown}
 o - a potion of invisibility {unknown}
 p - a potion of flight {unknown}


   Skills:
 + Level 2.4 Fighting
 + Level 2.4 Short Blades
 + Level 2.4 Long Blades
 + Level 2.4 Axes
 + Level 2.4 Maces & Flails
 + Level 2.4 Polearms
 + Level 2.4 Staves
 + Level 2.4 Slings
 + Level 2.4 Bows
 + Level 2.4 Crossbows
 + Level 2.4 Throwing
 + Level 2.4 Armour
 + Level 5.2 Dodging
 + Level 4.9 Stealth
 + Level 2.4 Shields
 + Level 2.4 Unarmed Combat
 + Level 5.6 Spellcasting
 + Level 2.0 Conjurations
 + Level 2.0 Hexes
 + Level 2.0 Summonings
 + Level 7.4 Necromancy
 + Level 2.0 Translocations
 + Level 2.0 Transmutations
 + Level 2.0 Fire Magic
 + Level 2.0 Ice Magic
 + Level 2.0 Air Magic
 + Level 2.0 Earth Magic
 + Level 2.0 Poison Magic
 + Level 2.7 Invocations
 + Level 2.4 Evocations


You had 12 spell levels left.
You knew the following spells:

 Your Spells              Type           Power      Damage    Failure   Level
a - Pain                  Necr           100%       1d9       1%          1
b - Animate Dead          Necr           13%        N/A       8%          4

Your spell library contained the following spells:

 Spells                   Type           Power      Damage    Failure   Level
 Animate Skeleton         Necr           52%        N/A       1%          1
 Vampiric Draining        Necr           13%        2d7       2%          3
 Summon Small Mammal      Summ           40%        N/A       7%          1
 Call Canine Familiar     Summ           10%        N/A       21%         3
 Summon Guardian Golem    Hex/Summ       10%        N/A       21%         3
 Agony                    Necr           26%        N/A       21%         5


Dungeon Overview and Level Annotations

Branches:
Dungeon (5/15)             Temple (1/1) D:5

Altars:
Ashenzari
Elyvilon
Okawaru
Sif Muna
Zin
The Shining One

Shops:
D:5 *

Annotations:
D:3 3 runed translucent doors, rogsnak's ghost, amateur DjFE


Innate Abilities, Weirdness & Mutations

You have very sharp teeth.
Your uncanny sense of smell can sniff out nearby items.
Your experience applies equally to all skills.


Message History

Your Air Magic skill increases to level 2!
Your Earth Magic skill increases to level 2!
Your Poison Magic skill increases to level 2!
You hit the howler monkey zombie.
The howler monkey zombie is lightly damaged.
The orc priest invokes the aid of Beogh against you.
Beogh smites you!
* * * LOW HITPOINT WARNING * * *
The orc closely misses you.
You barely miss the howler monkey zombie.
The howler monkey zombie is lightly damaged.
The howler monkey zombie barely misses you.
The orc hits you with a +0 mace.
* * * LOW HITPOINT WARNING * * *
You hit the howler monkey zombie.
The howler monkey zombie is lightly damaged.
The howler monkey zombie barely misses you.
The orc barely misses you.
You hit the howler monkey zombie.
The howler monkey zombie is lightly damaged.
The howler monkey zombie barely misses you.
You closely miss the howler monkey zombie.
The howler monkey zombie is lightly damaged.
The orc closely misses you.
The orc priest looks satisfied for a moment.
An orc comes into view. It is wielding a +0 falchion.
The howler monkey zombie hits you but does no damage.
You closely miss the orc priest.
You bite the orc priest, but do no damage.
The orc misses you. The orc priest closely misses you.
The howler monkey zombie completely misses you.
You hit the orc priest.
The orc priest writhes in agony.
The orc priest is moderately wounded.
The orc barely misses you. The orc priest hits you with a +0 whip.
* * * LOW HITPOINT WARNING * * *
The howler monkey zombie hits you but does no damage.
You hit the orc priest.
The orc priest writhes in agony!
The orc priest is almost dead.
The orc hits you with a +0 mace.
You die...

# #. #. #o#
###..## #..ooo#
##.##@#
###...#Z#
#...∩...# ..c.
####.#...###
.... .....##.##
...# #####.#..#
...###.......##
.......###.###
...# #.#


You could see an orc priest, 3 orcs and a howler monkey zombie.

Vanquished Creatures
  A black bear (D:5)
  A centaur (D:5)
  2 hounds (D:5)
  An orc priest (D:4)
  A gnoll shaman (D:4)
  An iguana (D:4)
  5 orc wizards
  3 gnolls (D:4)
  3 adders (D:2)
  2 worms (D:2)
  2 dart slugs (D:2)
  8 orcs
  3 bats (D:3)
  An endoplasm (D:1)
  5 giant cockroaches
  9 goblins
  4 hobgoblins
  8 jackals (D:2)
  A quokka (D:2)
  6 ball pythons
  5 frilled lizards
  4 kobolds
  9 rats
85 creatures vanquished.

Notes
Turn   | Place    | Note
-------+----------+-------------------------------------------
     0 | D:1      | greenlake the Gnoll Necromancer began the quest for the
                  | Orb.
     0 | D:1      | Reached XP level 1. HP: 13/13 MP: 6/6
   408 | D:1      | Found a faded altar of an unknown god.
   552 | D:1      | Reached XP level 2. HP: 16/19 MP: 4/7
  1684 | D:2      | Reached XP level 3. HP: 25/25 MP: 9/9
  1770 | D:2      | Reached skill level 5 in Spellcasting
  1819 | D:2      | Reached skill level 1 in Invocations
  2118 | D:2      | Reached skill level 1 in Fighting
  2118 | D:2      | Reached skill level 1 in Short Blades
  2118 | D:2      | Reached skill level 1 in Long Blades
  2118 | D:2      | Reached skill level 1 in Axes
  2118 | D:2      | Reached skill level 1 in Maces & Flails
  2118 | D:2      | Reached skill level 1 in Polearms
  2118 | D:2      | Reached skill level 1 in Staves
  2118 | D:2      | Reached skill level 1 in Slings
  2118 | D:2      | Reached skill level 1 in Bows
  2118 | D:2      | Reached skill level 1 in Crossbows
  2118 | D:2      | Reached skill level 1 in Throwing
  2118 | D:2      | Reached skill level 1 in Armour
  2118 | D:2      | Reached skill level 1 in Shields
  2118 | D:2      | Reached skill level 1 in Unarmed Combat
  2118 | D:2      | Reached skill level 1 in Evocations
  2155 | D:2      | Reached XP level 4. HP: 32/32 MP: 11/11
  2753 | D:3      | Found a runed translucent gate.
  2778 | D:3      | Reached skill level 1 in Conjurations
  2778 | D:3      | Reached skill level 1 in Hexes
  2778 | D:3      | Reached skill level 1 in Summonings
  2778 | D:3      | Reached skill level 1 in Translocations
  2778 | D:3      | Reached skill level 1 in Transmutations
  2778 | D:3      | Reached skill level 1 in Fire Magic
  2778 | D:3      | Reached skill level 1 in Ice Magic
  2778 | D:3      | Reached skill level 1 in Air Magic
  2778 | D:3      | Reached skill level 1 in Earth Magic
  2778 | D:3      | Reached skill level 1 in Poison Magic
  2787 | D:3      | Reached XP level 5. HP: 10/37 MP: 10/12
  3015 | D:3      | Learned a level 4 spell: Animate Dead
  3052 | D:3      | Found a runed translucent gate.
  3052 | D:3      | Found a runed translucent gate.
  3138 | D:3      | Noticed rogsnak's ghost (amateur DjFE)
  4589 | D:4      | Reached XP level 6. HP: 13/44 MP: 13/13
  5040 | D:4      | Reached skill level 5 in Dodging
  5549 | D:5      | Entered Level 5 of the Dungeon
  5553 | D:5      | Found a staircase to the Ecumenical Temple.
  5559 | Temple   | Entered the Ecumenical Temple
  5669 | Temple   | Became a worshipper of Warmaster Okawaru
  5789 | D:5      | Noticed a black bear
  5800 | D:5      | Killed a black bear
  5801 | D:5      | Reached XP level 7. HP: 28/50 MP: 15/15
  5995 | D:5      | Found Cescher's Gadget Gallery.
  6008 | D:5      | Reached * piety under Okawaru
  6010 | D:5      | HP: 2/51 [orc (3)]
  6015 | D:5      | HP: 1/51 [orc priest (1)]
  6016 | D:5      | Slain by an orc

Illustrated notes

Levels and vault maps discovered:
D:1:      nzn_arrival_water_spiral, layout_basic,
          shapermc_ecumenical_altar_mp_ritualfount, minmay_crystal_room
D:2:      minmay_spotlight, layout_loops_ring, dk_vineyard_3,
          minmay_misc_feat_alley, grunt_decor_cap, minmay_pentomino_r4
D:3:      layout_basic, gammafunk_ghost_icy
D:4:      layout_loops_corners
D:5:      layout_loops_corners, minmay_temple_entry_statues_pillars,
          serial_shops, nicolae_take_the_stairs, nicolae_shop_gadgets
Temple:   nicolae_temple_figure_eight

Skill      XL: |  1  2  3  4  5  6  7 |
---------------+----------------------+-----
Spellcasting   | 5 |  5.6
Invocations    | 1 2 |  2.7
Fighting       | 1 2 |  2.4
Short Blades   | 1 2 |  2.4
Long Blades    | 1 2 |  2.4
Axes           | 1 2 |  2.4
Maces & Flails | 1 2 |  2.4
Polearms       | 1 2 |  2.4
Staves         | 1 2 |  2.4
Slings         | 1 2 |  2.4
Bows           | 1 2 |  2.4
Crossbows      | 1 2 |  2.4
Throwing       | 1 2 |  2.4
Armour         | 1 2 |  2.4
Shields        | 1 2 |  2.4
Unarmed Combat | 1 2 |  2.4
Evocations     | 1 2 |  2.4
Conjurations   | 1 2 |  2.0
Hexes          | 1 2 |  2.0
Summonings     | 1 2 |  2.0
Translocations | 1 2 |  2.0
Transmutations | 1 2 |  2.0
Fire Magic     | 1 2 |  2.0
Ice Magic      | 1 2 |  2.0
Air Magic      | 1 2 |  2.0
Earth Magic    | 1 2 |  2.0
Poison Magic   | 1 2 |  2.0
Dodging        | 5 |  5.2
Stealth        | |  4.9
Necromancy     | |  7.4

Action                   |  1- 3 |  4- 6 |  7- 9 || total
-------------------------+-------+-------+-------++-------
Melee: Dagger            |    45 |   122 |    18 ||   185
       Bite              |     2 |     7 |     2 ||    11
       Punch             |       |     2 |       ||     2
 Cast: Pain              |    29 |    34 |     1 ||    64
       Animate Dead      |       |     1 |       ||     1
  Use: Potion            |       |     1 |       ||     1
 Stab: Sleeping          |     5 |     4 |       ||     9
Armor: Robe              |     9 |    26 |     4 ||    39
Dodge: Dodged            |    31 |    57 |    22 ||   110
